 Dungeon Crawl Stone Soup version 0.26-a0-52-gd53d4cd (webtiles) character file.

Game seed: 13415060022236265796

592 Faca the Skirmisher (level 6, 0/57 HPs)
             Began as a Demigod Fighter on June 6, 2020.
             Slain by a scorpion (7 damage)
             ... on level 4 of the Dungeon.
             The game lasted 00:07:00 (4478 turns).

Faca the Skirmisher (Demigod Fighter)               Turns: 4478, Time: 00:07:01

Health: 0/57       AC:  6    Str: 23    XL:     6   Next: 94%
Magic:  0/8        EV:  7    Int: 18    God:
Gold:   247        SH: 10    Dex: 15    Spells: 5/5 levels left

rFire    . . .     SeeInvis .   a - +0 flail
rCold    . . .     Gourm    .   c - +1 kite shield
rNeg     . . .     Faith    .   b - +0 scale mail
rPois    .         Spirit   +   (no helmet)
rElec    .         Reflect  .   (no cloak)
rCorr    .         Harm     .   (no gloves)
MR       .....                  (no boots)
Stlth    ..........             o - amulet of guardian spirit
HPRegen  0.19/turn              e - +6 ring of intelligence
MPRegen  0.11/turn              (no ring)

@: no status effects
A: high mp 1
a: no special abilities


You were on level 4 of the Dungeon.
You were not hungry.

You visited 1 branch of the dungeon, and saw 4 of its levels.

You collected 247 gold pieces.

Inventory:

Hand Weapons
 a - a +0 flail (weapon)
Missiles
 k - 14 boomerangs (quivered)
 m - a throwing net
Armour
 b - a +0 scale mail (worn)
 c - a +1 kite shield (worn)
Jewellery
 e - a +6 ring of intelligence (left hand)
 o - an amulet of guardian spirit (around neck)
Scrolls
 i - 2 scrolls of remove curse
 p - a scroll of teleportation
 r - 4 scrolls of enchant armour
Potions
 g - a potion of brilliance {unknown}
 h - 2 potions of haste {unknown}
 l - 4 potions of curing
 q - 3 potions of flight
 s - a potion of heal wounds {unknown}
Comestibles
 f - 12 rations


   Skills:
 + Level 5.6 Fighting
 + Level 5.2 Maces & Flails
 - Level 2.6 Armour
 - Level 2.6 Shields


You had 5 spell levels left.
You didn't know any spells.
Your spell library was empty.

Dungeon Overview and Level Annotations

Branches:
Dungeon (4/15)
 Temple: D:4-7


Innate Abilities, Weirdness & Mutations

You have an increased reservoir of magic. (+10% MP)


Message History

The scorpion stings you!
You closely miss the ogre. The ogre closely misses you.
The scorpion stings you!
You hit the ogre but do no damage. The scorpion stings you.
The ogre hits you with a +0 giant club.
You hit the ogre.
The ogre is moderately wounded.
You block the scorpion's attack. The ogre hits you with a +0 giant club.
* * * LOW HITPOINT WARNING * * *
The scorpion stings you but does no damage.
You thump the ogre!
The ogre is severely wounded.
The ogre closely misses you.
The scorpion stings you but does no damage.
You hit the ogre.
The ogre is severely wounded.
The ogre hits you with a +0 giant club!
* * * LOW HITPOINT WARNING * * *
The scorpion stings you!
You die...

...............>.#
..............s#.###
............##.....#
........##.#####...######
........#..# ##..##.†..
..........#### #†..†....
.............# #.....###
####..)s###.###..#####
#...@###..##..# #####
#..O......)....
#....##........#.#...
#....#..[..###.#...#.
#.....................
#....#...#####....##.
#....#..## ###.....#####
#...#..# ##......).
#...÷.## .#..<).


You could see an ogre and a scorpion.

Vanquished Creatures
  2 ogres
  A gnoll shaman (D:4)
  An orc priest (D:3)
  2 orc wizards (D:3)
  3 worker ants (D:4)
  A hound zombie (D:2)
  6 adders
  4 gnolls
  3 worms
  2 dart slugs (D:1)
  5 leopard geckos
  15 orcs
  6 bats
  7 giant cockroaches
  8 goblins
  3 hobgoblins
  8 jackals
  11 kobolds
  2 quokkas
  5 ball pythons
  7 frilled lizards
  7 rats
109 creatures vanquished.

Notes
Turn   | Place    | Note
-------+----------+-------------------------------------------
     0 | D:1      | Faca the Demigod Fighter began the quest for the Orb.
     0 | D:1      | Reached XP level 1. HP: 18/18 MP: 3/3
   186 | D:1      | Reached XP level 2. HP: 25/26 MP: 4/4
   702 | D:1      | Reached XP level 3. HP: 31/31 MP: 5/5
  1543 | D:2      | Reached XP level 4. HP: 38/40 MP: 6/6
  2307 | D:3      | Reached XP level 5. HP: 27/46 MP: 5/7
  2326 | D:3      | Noticed an ogre
  2479 | D:2      | HP: 1/47 [ogre/+0 giant club (11)]
  2480 | D:2      | Killed an ogre
  3011 | D:3      | Reached XP level 6. HP: 22/55 MP: 5/8
  3237 | D:3      | Found a radiant altar of Vehumet.
  3360 | D:3      | Reached skill level 5 in Fighting
  3986 | D:4      | Reached skill level 5 in Maces & Flails
  4478 | D:4      | Slain by a scorpion

Illustrated notes

Levels and vault maps discovered:
D:1:      lightli_arrival_isolated_outpost, layout_loops_ring,
          minmay_close_crescents
D:2:      minmay_evil_eye, layout_rooms, minivault_25
D:3:      layout_rooms, lemuel_doored_altar, serial_bayou, serial_bayou_pond_c,
          serial_bayou_shore_a, serial_bayou_lagoon_a, serial_bayou_pond_a
D:4:      layout_rooms, first_ration

Skill      XL: |  1  2  3  4  5  6 |
---------------+-------------------+-----
Maces & Flails | 2 3 4 5 |  5.2
Fighting       | 3 4 5 |  5.6
Armour         | |  2.6
Shields        | |  2.6

Action                   |  1- 3 |  4- 6 || total
-------------------------+-------+-------++-------
Melee: Flail             |   190 |   259 ||   449
  Use: Scroll            |     4 |     5 ||     9
       Potion            |       |     1 ||     1
  Eat: Chunk             |     2 |    10 ||    12
Armor: Scale mail        |   109 |   108 ||   217
Dodge: Dodged            |    84 |    68 ||   152
Block: Kite shield       |   117 |   139 ||   256

Table legend:
 A = Non-vault XP
 B = Vault XP
 C = Vault XP percentage of total XP
 D = Non-vault monster count
 E = Vault monster count
 F = Vault count percentage of total count
                 A         B        C        D         E       F
            +---------+---------+-------+---------+---------+-------
      Total |     835 |      12 |   1.4 |     102 |       7 |   6.4
            +---------+---------+-------+---------+---------+-------
        D:1 |      58 |       8 |  12.1 |      32 |       5 |  13.5
        D:2 |     214 |       4 |   1.8 |      19 |       2 |   9.5
        D:3 |     240 |       0 |   0.0 |      34 |       0 |   0.0
        D:4 |     323 |       0 |   0.0 |      17 |       0 |   0.0
            +---------+---------+-------+---------+---------+-------
